 Dungeon Crawl Stone Soup version 0.21.1-1-g345015f (webtiles) character file.

4700 htuhola the Slicer (level 10, -12/67 (68) HPs)
             Began as a Halfling Abyssal Knight on Apr 6, 2018.
             Was a High Priest of Lugonu.
             Mangled by a two-headed ogre
             ... wielding a +0 giant club
              (21 damage)
             ... on level 9 of the Dungeon.
             The game lasted 00:52:51 (9689 turns).

htuhola the Slicer (Halfling Abyssal Knight)        Turns: 9689, Time: 00:52:51

HP:   -12/67 (68)   AC:  7    Str: 19    XL:     10   Next: 72%
MP:   12/12         EV: 24    Int: 11    God:    Lugonu [*****.]
Gold: 474           SH:  2    Dex: 20    Spells: 9/9 levels left

rFire    . . .     SeeInvis .   a - +2 short sword
rCold    . . .     Gourm    .   (shield restricted)
rNeg     . . .     Faith    .   x - +3 troll leather armour {Purgy}
rPois    .         Spirit   .   (no helmet)
rElec    .         Reflect  +   (no cloak)
rCorr    .         Harm     .   (no gloves)
MR       .....                  (no boots)
Stlth    +++.......             q - +2 amulet of reflection
HPRegen  0.61/turn              j - +4 ring of evasion
MPRegen  0.13/turn              M - +4 ring of dexterity

@: mighty
A: small, mutation resistance 1
a: Depart the Abyss, Bend Space, Banish, Corrupt, Enter the Abyss, Renounce
Religion


You were on level 9 of the Dungeon.
You worshipped Lugonu.
Lugonu was extremely pleased with you.
You were not hungry.

You visited 1 branch of the dungeon, and saw 9 of its levels.
You visited the Abyss 1 time.
You also visited: Sewer and Ossuary.

You collected 532 gold pieces.
You spent 58 gold pieces at shops.

Inventory:

Hand Weapons
 a - a +2 short sword (weapon)
 b - a +3 dagger
 f - a +4 dagger
 g - a +3 flail
 o - a +0 hunting sling
 t - a +1 shortbow of freezing
 C - a +0 quarterstaff
 E - a +0 dagger of chaos
 F - a +0 blowgun
 I - a +1 dagger of draining
 K - a +4 mace
 O - a +0 arbalest
 Q - a +0 hand crossbow
 V - the +11 whip "Wuirgh" {slash, Dex+2, unknown}
   (You found it on level 8 of the Dungeon)

   It inflicts extra damage upon your enemies.
   It affects your dexterity (+2).
 W - a cursed +4 scimitar
 X - a +0 hand axe of chopping
Missiles
 d - 283 stones (quivered)
 l - 44 bolts
 u - 69 sling bullets
 z - 112 arrows
 G - 36 poisoned needles
 L - 6 needles of confusion
Armour
 x - a +3 troll leather armour (worn) {Purgy}
 J - a +3 leather armour of fire resistance
 N - a +0 buckler
 R - a +2 robe
Jewellery
 j - a +4 ring of evasion (left hand)
 m - a +3 ring of intelligence {unknown}
 q - a +2 amulet of reflection (around neck)
 M - a +4 ring of dexterity (right hand)
Scrolls
 e - a scroll of blinking
 i - 4 scrolls of teleportation
 p - 2 scrolls of remove curse
 y - 2 scrolls of amnesia
 B - 2 scrolls of magic mapping
 S - a scroll of enchant weapon
Potions
 h - a potion of invisibility
 k - 4 potions of agility
 n - a potion of mutation
 r - 2 potions of might
 s - 8 potions of curing {unknown}
 v - a potion of degeneration {unknown}
 w - 2 potions of heal wounds {unknown}
 D - 3 potions of haste {unknown}
 H - a potion of resistance {unknown}
 P - a potion of brilliance {unknown}
Books
 T - a book of Party Tricks

   Spells                             Type                      Level
   a - Summon Butterflies             Summoning                    1
   b - Apportation                    Translocation                1
   c - Lesser Beckoning               Translocation                3
   d - Tukima's Dance                 Hexes                        3
   e - Alistair's Intoxication        Transmutation/Poison         5
   f - Invisibility                   Hexes                        6
Comestibles
 c - 7 rations


   Skills:
 + Level 5.9 Fighting
 + Level 11.2 Short Blades
 + Level 2.0 Slings
 + Level 0.2 Bows
 + Level 2.7 Crossbows
 + Level 4.4 Armour
 + Level 6.9 Dodging
 + Level 4.5 Stealth
 + Level 3.5 Shields
 + Level 2.3 Invocations
   Level 3.1 Evocations


You had 9 spell levels left.
You didn't know any spells.

Dungeon Overview and Level Annotations

Branches:
Dungeon (9/15)             Temple (0/1) D:6
   Lair: D:8-11         Orc: D:9-12

Altars:
Ashenzari
Cheibriados
Fedhas
Gozag
Hepliaklqana
Nemelex Xobeh
Trog
Uskayaw
Vehumet
Wu Jian
Xom
Zin

Shops:
D:5 *[


Innate Abilities, Weirdness & Mutations

You are small and have problems with some larger weapons.
You are somewhat resistant to further mutation.


Message History

The two-headed ogre is severely wounded.
You hit the two-headed ogre.
The two-headed ogre is almost dead.
You hit the two-headed ogre.
The two-headed ogre is almost dead.
The two-headed ogre closely misses you.
The two-headed ogre hits you but does no damage.
You hit the two-headed ogre.
The two-headed ogre is almost dead.
You hit the two-headed ogre.
The two-headed ogre is almost dead.
The two-headed ogre misses you.
The two-headed ogre hits you with a giant spiked club!!
* * * LOW HITPOINT WARNING * * *
You completely miss the two-headed ogre.
The two-headed ogre is almost dead.
You feel very mighty all of a sudden. The two-headed ogre closely misses you.
The two-headed ogre hits you with a giant spiked club!!
You die...

#...###......#
#...######..##
#....# ####
##.o..# #....O##
#....?.# #
##......#
####..<
#......o##.....#
#......sO@.#
........o####
........###
.......##
#.#...# #.## ##


You could see a two-headed ogre, a scorpion, an orc wizard and an orc.

Vanquished Creatures
  Psyche (D:8)
  Grinder (D:5)
  A hippogriff (D:8)
  A hornet (D:8)
  A wyvern (D:9)
  The ghost of eLGassi the Shield-Bearer, an amateur DDFi (D:4)
  Purgy (Sewer)
  An orc warrior (D:6)
  2 ice beasts
  2 sky beasts (D:7)
  2 black bears (D:7)
  A necrophage (D:6)
  3 phantoms
  The ghost of tidbits the Sneak, an amateur GnAs (D:3)
  2 ogres
  2 centaurs
  A crocodile (D:7)
  2 bullfrogs
  8 wights
  A howler monkey (D:6)
  2 crimson imps (D:5)
  A quasit (D:6)
  A bullfrog zombie (D:8)
  2 hounds (D:6)
  8 orc priests
  3 bullfrog skeletons
  2 jellies
  4 orc wizards
  A centaur skeleton (D:8)
  8 worker ants
  A killer bee zombie (D:5)
  5 big kobold zombies (Ossuary)
  A hound zombie (D:7)
  A hound skeleton (D:5)
  A mummy (Ossuary)
  6 adders
  11 gnolls
  A river rat (D:3)
  A shadow imp (D:8)
  An ooze (D:1)
  An adder skeleton (D:4)
  3 worms
  3 dart slugs (D:1)
  3 leopard geckos
  33 orcs
  2 spectral bats (Ossuary)
  4 bats
  6 giant cockroaches
  14 goblins
  8 hobgoblins
  12 jackals
  10 kobolds
  3 quokkas
  2 ball pythons (D:1)
  A ball python skeleton (D:4)
  4 bat simulacra (Ossuary)
  10 frilled lizards
  7 gnoll zombies (Ossuary)
  4 goblin simulacra (Ossuary)
  3 goblin zombies (Ossuary)
  3 hobgoblin zombies (Ossuary)
  4 kobold zombies (Ossuary)
  A leopard gecko skeleton (D:4)
  8 orc zombies (Ossuary)
  7 rats
  A rat simulacrum (Ossuary)
  4 spectral goblins (Ossuary)
  4 spectral kobolds (Ossuary)
  2 spectral rats (Ossuary)
263 creatures vanquished.

Notes
Turn   | Place    | Note
-------+----------+-------------------------------------------
     0 | Abyss:1  | htuhola the Halfling Abyssal Knight began the quest for the Orb.
     0 | Abyss:1  | Reached XP level 1. HP: 15/15 MP: 2/2
    27 | Abyss:1  | Noticed a ynoxinul
    59 | D:1      | Escaped the Abyss
   348 | D:1      | Reached XP level 2. HP: 21/21 MP: 3/3
   604 | D:1      | Reached * piety under Lugonu
   659 | D:1      | Reached XP level 3. HP: 23/26 MP: 4/4
  1425 | D:2      | Reached skill level 3 in Short Blades
  1430 | D:2      | Reached XP level 4. HP: 31/31 MP: 5/5
  1588 | D:2      | Found a bloodstained altar of Trog.
  2273 | D:3      | Reached ** piety under Lugonu
  2326 | D:3      | Reached XP level 5. HP: 35/36 MP: 6/6
  2371 | D:3      | Reached skill level 4 in Short Blades
  2398 | D:3      | Found a glowing drain.
  2402 | Sewer    | Entered a sewer
  2857 | Sewer    | Noticed Purgy
  2869 | Sewer    | Killed Purgy
  2869 | Sewer    | Reached XP level 6. HP: 31/43 MP: 7/7
  3064 | D:3      | Noticed tidbits's ghost (amateur GnAs)
  3085 | D:3      | Killed tidbits's ghost
  3085 | D:3      | Reached skill level 5 in Short Blades
  3181 | D:3      | Found a glowing silver altar of Zin.
  3278 | D:3      | Reached skill level 1 in Evocations
  3281 | D:3      | Reached XP level 7. HP: 18/48 MP: 8/8
  3926 | D:4      | Found a sand-covered staircase.
  3935 | Ossuary  | Entered an ossuary
  3950 | Ossuary  | Reached *** piety under Lugonu
  4239 | Ossuary  | Reached skill level 6 in Short Blades
  4338 | Ossuary  | Reached skill level 1 in Stealth
  4445 | Ossuary  | Reached **** piety under Lugonu
  4586 | D:4      | Noticed eLGassi's ghost (amateur DDFi)
  4751 | D:4      | HP: 2/48 [eLGassi's ghost (13)]
  4769 | D:4      | Killed eLGassi's ghost
  4769 | D:4      | Reached skill level 1 in Slings
  4769 | D:4      | Reached XP level 8. HP: 14/54 MP: 9/9
  4863 | D:4      | Found a bloodstained altar of Trog.
  4886 | D:4      | Found a sparkling altar of Nemelex Xobeh.
  4886 | D:4      | Found a shattered altar of Ashenzari.
  4886 | D:4      | Found an ornate altar of the Wu Jian Council.
  4893 | D:4      | Found a hazy altar of Hepliaklqana.
  4895 | D:4      | Found a blossoming altar of Fedhas.
  5028 | D:4      | Reached skill level 7 in Short Blades
  5364 | D:5      | Entered Level 5 of the Dungeon
  5528 | D:5      | Noticed Grinder
  5549 | D:5      | Killed Grinder
  5549 | D:5      | Reached skill level 8 in Short Blades
  5819 | D:5      | Reached XP level 9. HP: 57/59 MP: 11/11
  5899 | D:5      | Found Azamm's Armour Shoppe.
  6086 | D:5      | Found Godiq's Assorted Antiques.
  6367 | D:5      | Bought 2 scrolls labeled KIGAR ATAUH for 58 gold pieces
  6467 | D:6      | Reached skill level 5 in Fighting
  6467 | D:6      | Reached skill level 5 in Dodging
  6492 | D:6      | Reached skill level 9 in Short Blades
  6585 | D:6      | Found a staircase to the Ecumenical Temple.
  6833 | D:6      | Reached skill level 1 in Shields
  6844 | D:6      | Reached ***** piety under Lugonu
  6998 | D:6      | Found a snail-covered altar of Cheibriados.
  7186 | D:6      | Reached skill level 10 in Short Blades
  7525 | D:7      | Reached XP level 10. HP: 51/65 MP: 12/12
  7699 | D:7      | Found a glowing golden altar of the Shining One.
  7701 | D:7      | Found an opulent altar of Gozag.
  7701 | D:7      | Found a shattered altar of Ashenzari.
  7704 | D:7      | Found a blossoming altar of Fedhas.
  7704 | D:7      | Found a shimmering altar of Xom.
  7704 | D:7      | Found a radiant altar of Vehumet.
  8116 | D:8      | Noticed Psyche
  8145 | D:8      | Killed Psyche
  8145 | D:8      | Reached skill level 1 in Crossbows
  8383 | D:8      | Found a hide-covered altar of Uskayaw.
  8462 | D:8      | Got a warped whip
  8627 | D:8      | Paralysed by a hornet for 3 turns
  8972 | D:8      | Reached skill level 11 in Short Blades
  9614 | D:9      | Noticed a two-headed ogre
  9689 | D:9      | Mangled by a two-headed ogre

Skill      XL: |  1  2  3  4  5  6  7  8  9 10 |
---------------+-------------------------------+-----
Fighting       | 3 4 5 |  5.9
Short Blades   | 3 4 5 6 8 10 11 | 11.2
Dodging        | 2 3 4 6 |  6.9
Armour         | 3 4 |  4.4
Evocations     | 1 2 3 |  3.1
Stealth        | 1 2 3 4 |  4.5
Slings         | 1 2 |  2.0
Shields        | 2 3 |  3.5
Crossbows      | 2 |  2.7
Bows           | |  0.2
Invocations    | |  2.3

Action                   |  1- 3 |  4- 6 |  7- 9 | 10-12 || total
-------------------------+-------+-------+-------+-------++-------
Melee: Short sword       |   104 |   194 |   988 |   299 ||  1585
 Fire: Hunting sling     |       |     5 |    11 |       ||    16
       Arbalest          |       |       |       |    32 ||    32
       Shortbow          |       |       |       |     3 ||     3
Invok: Depart the Abyss  |     1 |       |       |       ||     1
Evoke: Wand              |       |    13 |    25 |     1 ||    39
  Use: Scroll            |       |     3 |    11 |     3 ||    17
       Potion            |       |       |       |     2 ||     2
 Stab: Sleeping          |     1 |       |     3 |     1 ||     5
       Distracted        |       |       |     2 |       ||     2
  Eat: Ration            |     1 |     1 |     2 |     2 ||     6
       Chunk             |     1 |       |     8 |     3 ||    12
Armor: Leather armour    |    12 |    19 |       |       ||    31
       Troll leather arm |       |     3 |    62 |    21 ||    86
       Skin              |       |       |       |     9 ||     9
Dodge: Dodged            |    51 |   149 |   457 |   187 ||   844
Block: Other             |       |     5 |    33 |    23 ||    61
       Buckler           |       |       |    49 |       ||    49
